 Dungeon Crawl Stone Soup version 0.28-a0-1114-g8eb0198dcf (webtiles) character file.

Game seed: 11508917533302147240

131 BinkBink the Slasher (level 5, -4/41 HPs)
             Began as a Human Monk on Dec 10, 2021.
             Was the Champion of Ignis.
             Slain by a gnoll (11 damage)
             ... on level 3 of the Dungeon.
             The game lasted 00:03:21 (2639 turns).

BinkBink the Slasher (Human Monk)                   Turns: 2639, Time: 00:03:21

Health: -4/41      AC:  4    Str: 11    XL:     5   Next: 37%
Magic:  5/5        EV: 13    Int: 11    God:    Ignis [******]
Gold:   86         SH:  0    Dex: 17    Spells: 4/4 levels left

rFire   + + .      SeeInvis .   a - +0 falchion
rCold   . . .      Faith    .   (no shield)
rNeg    . . .      Spirit   .   b - +0 robe
rPois   .          Reflect  .   (no helmet)
rElec   .          Harm     .   (no cloak)
rCorr   .          Rampage  .   j - +0 pair of gloves
Will    .....                   f - +0 pair of boots
Stlth   ++........              (no amulet)
HPRegen 0.13/turn               e - ring of protection from fire
MPRegen 0.09/turn               (no ring)

@: no status effects
A: no striking features
a: Renounce Religion, Fiery Armour, Foxfire Swarm, Rising Flame


You were on level 3 of the Dungeon.
You worshipped Ignis.
Ignis was exalted by your worship.
You visited 1 branch of the dungeon, and saw 3 of its levels.

You collected 86 gold pieces.

Inventory:

Hand Weapons
 a - a +0 falchion (weapon)
Missiles
 k - 11 poisoned darts (quivered)
Armour
 b - a +0 robe (worn)
 f - a +0 pair of boots (worn)
 j - a +0 pair of gloves (worn)
Magical Staves
 h - a staff of earth
Jewellery
 e - a ring of protection from fire (left hand)
Scrolls
 c - a scroll of teleportation {unknown}
 d - 2 scrolls of identify {unknown}
Potions
 g - a potion of haste {unknown}


   Skills:
 + Level 3.6 Fighting
 + Level 4.2 Long Blades
 * Level 1.7 Armour
 + Level 3.7 Dodging
 - Level 2.0 Stealth


You had 4 spell levels left.
You didn't know any spells.
Your spell library was empty.

Dungeon Overview and Level Annotations

Branches:
Dungeon (3/15)

Altars:
Ignis


Message History

A gnoll is nearby!
The gnoll shouts!
There is an open door here.
You completely miss the gnoll. The gnoll hits you with a +0 flail!
You hit the gnoll.
The gnoll is heavily wounded.
The gnoll hits you with a +0 flail.
You hit the gnoll.
The gnoll is severely wounded.
The gnoll closely misses you.
You hit the gnoll but do no damage.
The gnoll is severely wounded.
The gnoll completely misses you. x2
You barely miss the gnoll.
The gnoll is severely wounded.
The gnoll closely misses you.
You completely miss the gnoll.
The gnoll is severely wounded.
The gnoll hits you with a +0 flail!
You are too injured to fight recklessly!
You are too injured to fight recklessly!
You are too injured to fight recklessly!
You hit the gnoll but do no damage.
The gnoll is severely wounded.
The gnoll hits you with a +0 flail!
* * * LOW HITPOINT WARNING * * *
You closely miss the gnoll.
The gnoll is severely wounded.
The gnoll barely misses you.
You hit the gnoll.
The gnoll is almost dead.
The gnoll closely misses you.
You hit the gnoll.
The gnoll is almost dead.
The gnoll hits you with a +0 flail.
* * * LOW HITPOINT WARNING * * *
You completely miss the gnoll.
The gnoll is almost dead.
The gnoll hits you with a +0 flail!
You die...

.♣...............## .....
♣.#..)...P.......# ...#
...#....##+#.....###...+
........# #.P.........##
...#.P..# #..⌠..P.......
...#....# ##.............
♣....................#..
P♣...........####...#....
♣♣♣..........#.g@..#..P.♣
.♣.♣.♣....P####.......P
.♣.♣.. .....♣P.. .♣
.....♣ .. ..P♣♣♣P. . P.♣♣
... .♣. 8.


You could see a gnoll.

Vanquished Creatures
  An orc wizard (D:3)
  Natasha (D:2)
  An adder (D:2)
  3 dart slugs
  8 orcs (D:3)
  7 endoplasms
  4 hobgoblins
  5 jackals
  A quokka (D:3)
  6 ball pythons
  6 bats
  5 frilled lizards
  5 kobolds
  3 rats
56 creatures vanquished.

Vanquished Creatures (others)
  21 plants (D:3)
21 creatures vanquished.

Grand Total: 77 creatures vanquished

Notes
Turn   | Place    | Note
-------+----------+-------------------------------------------
     0 | D:1      | BinkBink the Human Monk began the quest for the Orb.
     0 | D:1      | Reached XP level 1. HP: 18/18 MP: 1/1
   188 | D:1      | Reached XP level 2. HP: 24/24 MP: 2/2
   662 | D:1      | Reached XP level 3. HP: 21/29 MP: 3/3
   939 | D:1      | Reached skill level 1 in Armour
  1179 | D:2      | Found a faded altar of an unknown god.
  1195 | D:2      | Prayed at the altar of an unknown god.
  1195 | D:2      | Became a worshipper of Ignis, the Dying Flame
  1195 | D:2      | Reached ****** piety under Ignis
  1580 | D:2      | Reached XP level 4. HP: 28/35 MP: 4/4
  2037 | D:2      | Noticed Natasha
  2046 | D:2      | Killed Natasha
  2246 | D:3      | Reached skill level 4 in Long Blades
  2294 | D:3      | Reached XP level 5. HP: 16/41 MP: 5/5
  2639 | D:3      | Slain by a gnoll

Illustrated notes

Levels and vault maps discovered:
D:1:      minmay_arrival_loop, layout_basic
D:2:      layout_basic, ebering_ecumenical_altar_rust, uniq_natasha
D:3:      wad_woods_settlement, layout_basic, minivault_27

Skill      XL: |  1  2  3  4 |
---------------+-------------+-----
Armour         | 1 |  1.7
Long Blades    | 4 |  4.2
Fighting       | |  3.6
Dodging        | |  3.7
Stealth        | |  2.0

Action                   |  1- 3 |  4- 6 || total
-------------------------+-------+-------++-------
Melee: Falchion          |   111 |   120 ||   231
  Use: Potion            |       |     2 ||     2
 Stab: Sleeping          |     6 |     1 ||     7
       Distracted        |     1 |       ||     1
       Invisible         |       |     1 ||     1
Armor: Robe              |    18 |    33 ||    51
Dodge: Dodged            |    84 |    87 ||   171

Table legend: (Time is in decaauts)
 A = Elapsed time spent in this place.
 B = Non-inter-level travel time spent in this place.
 C = Inter-level travel time spent in this place.
 D = Time resting spent in this place.
 E = Time spent auto-exploring this place.
 F = Levels seen in this place.
 G = Mean time per level.
                   A        B        C        D        E       F      G
               +--------+--------+--------+--------+--------+-----+--------+
         Total |   2665 |   2637 |     28 |      0 |   2080 |   3 |  888.3 |
       Dungeon |   2665 |   2637 |     28 |      0 |   2080 |   3 |  888.3 |
               +--------+--------+--------+--------+--------+-----+--------+

Top non-repeatable levels by time:
     D:1: 1101 daAuts
     D:2: 1062 daAuts
     D:3: 501 daAuts
